 Dungeon Crawl Stone Soup version 0.18.1-50-g88ac8fd (webtiles) character file.

3400 dvd the Ducker (level 9, -8/55 HPs)
             Began as a Deep Elf Berserker on Sept 20, 2016.
             Was an Elder of Trog.
             Mangled by Gastronok (25 damage)
             ... on level 8 of the Dungeon.
             The game lasted 00:28:06 (7622 turns).

dvd the Ducker (Deep Elf Berserker)                 Turns: 7622, Time: 00:28:07

Health: -8/55      AC: 20    Str: 16    XL:     9   Next: 75%
Magic:  11/11      EV: 11    Int: 15    God:    Trog [****..]
Gold:   361        SH:  0    Dex: 17    Spells: 0 memorised, 8 levels left

rFire  . . .     SeeInvis .     a - +3 flail (protect)
rCold  . . .     Gourm    .     O - +3 chain mail {rPois}
rNeg   + . .     Faith    +     (no shield)
rPois  +         Spirit   .     (helmet restricted)
rElec  .         Dismiss  .     (no cloak)
rCorr  .         Reflect  .     p - +0 pair of gloves
SustAt .         Harm     .     u - +0 pair of boots
MR     +....                    l - amulet of faith
Stlth  ..........               K - ring of positive energy
                                x - ring of protection from magic

@: exhausted, slowed, very slow, somewhat resistant to hostile enchantments,
extremely unstealthy
A: antennae 1, agile 1, clever 1
a: Berserk, Trog's Hand, Brothers in Arms, Burn Spellbooks, Renounce Religion


You were on level 8 of the Dungeon.
You worshipped Trog.
Trog was greatly pleased with you.
You were very hungry.

You visited 2 branches of the dungeon, and saw 9 of its levels.
You also visited: Sewer.

You collected 361 gold pieces.

Inventory:

Hand Weapons
 a - a +3 flail of protection (weapon)
 h - a +1 whip of venom
 i - a +0 quarterstaff
 s - a +1 dire flail of holy wrath
 y - a +0 hand axe of chopping
 A - a +0 spear of piercing
 E - a +1 flail of crushing
 L - a +0 short sword
Missiles
 B - a poisoned tomahawk
 F - 56 arrows
 G - 4 silver tomahawks (quivered)
Armour
 p - a +0 pair of gloves (worn)
 u - a +0 pair of boots (worn)
 D - a +0 pair of gloves
 O - a +3 chain mail of poison resistance (worn)
Jewellery
 l - an amulet of faith (around neck)
 r - an uncursed ring of fire
 t - an uncursed ring of poison resistance
 x - a ring of protection from magic (left hand)
 K - a ring of positive energy (right hand)
Wands
 k - a wand of flame (24/48)
 N - a wand of flame (36/48)
Scrolls
 m - 2 scrolls of remove curse
 z - 2 scrolls of identify
Potions
 b - 2 potions of curing
 d - a potion of might
 j - 2 potions of haste
 C - 5 potions of flight
Comestibles
 c - 5 bread rations
 g - a royal jelly
 n - 6 fruits
 o - a slice of pizza
 v - 2 chunks of flesh
 w - 5 meat rations


   Skills:
 + Level 5.7 Fighting
 + Level 4.9 Short Blades
 + Level 4.7 Maces & Flails
 + Level 3.4 Throwing
 + Level 5.5 Armour
 + Level 7.5 Dodging
 + Level 2.9 Stealth
 + Level 0.4 Evocations


You had 8 spell levels left.
You didn't know any spells.

Dungeon Overview and Level Annotations

Branches:
Dungeon (8/15)             Temple (1/1) D:6
   Lair: D:8-11

Altars:
Ashenzari
Cheibriados
Dithmenos
Elyvilon
Fedhas
Gozag
Kikubaaqudgha
Makhleb
Nemelex Xobeh
Pakellas
Qazlal
Ru
Sif Muna
Trog
Vehumet
Xom
Yredelemnul
Zin
The Shining One

Shops:
D:4 }!

Annotations:
D:8 Gastronok


Innate Abilities, Weirdness & Mutations

You have a pair of small antennae on your head.
You are agile. (Dex +2)
Your mind is acute. (Int +2)


Message History

Gastronok bites you but does no damage.
You sock Gastronok!
Gastronok is severely wounded.
You are no longer berserk.
You are exhausted.
You feel yourself slow down.
You are feeling very hungry.
You feel sick.
Drink which item? (? for menu, Esc to quit)
You feel better.
Gastronok mumbles some strange words.
Unknown command.
Your ogre goes berserk!
You feel somewhat more hungry. The bat misses you. The bat closely misses you.
Unknown command.
You sock the bat!
You kill the bat!
The bat's corpse disappears in a puff of smoke!
Gastronok bites you!!
You die...

.................
#####..........
#...(..........
#.....w........
#.....##.#.####
#........#.# #####
#........#.#
.##....####.##...).#
.......O@wrb#......#
.##....######....#.#
....... .....#
(#..... ..###
....### ## ##.. #. #


You could see Gastronok, a bat, a rat and a friendly ogre (berserk).

Vanquished Creatures
  Erica (D:8)
  The ghost of jazmu the Destroyer, a novice OpFE of Sif Muna (D:5)
  A hungry ghost (D:7)
  Edmund (D:6)
  A soldier ant (D:4)
  An ice beast (D:7)
  2 phantoms
  A big kobold (Sewer)
  2 giant frogs (D:6)
  A wyvern skeleton (D:8)
  2 howler monkeys
  3 crimson imps
  A giant frog zombie (D:6)
  2 orc priests
  5 hounds
  A jelly (D:5)
  8 orc wizards
  3 giant frog skeletons
  3 iguanas
  7 worker ants
  A hound skeleton (D:3)
  2 worker ant zombies
  A gnoll (D:1)
  A howler monkey skeleton (D:4)
  6 adders
  A river rat (Sewer)
  2 shadow imps
  An adder zombie (D:8)
  5 worms
  A dart slug (D:1)
  6 giant geckos
  22 orcs
  4 ball pythons
  5 bats
  6 giant cockroaches
  10 goblins
  8 hobgoblins
  6 jackals
  11 kobolds
  4 quokkas
  A giant cockroach zombie (D:5)
  5 giant newts
  14 rats
170 creatures vanquished.

Vanquished Creatures (collateral kills)
  Grinder (D:5)
  Prince Ribbit (D:6)
  An orc warrior (D:8)
  An ogre (D:5)
  2 crimson imps
  A giant frog zombie (D:8)
  2 orc wizards
  An orc (D:4)
10 creatures vanquished.

Grand Total: 180 creatures vanquished

Notes
Turn   | Place    | Note
--------------------------------------------------------------
     0 | D:1      | dvd the Deep Elf Berserker began the quest for the Orb.
     0 | D:1      | Reached XP level 1. HP: 13/13 MP: 3/3
   156 | D:1      | Reached XP level 2. HP: 17/18 MP: 4/4
   408 | D:1      | Reached XP level 3. HP: 20/23 MP: 5/5
   680 | D:1      | Reached ** piety under Trog
  1347 | D:2      | Reached XP level 4. HP: 18/28 MP: 6/6
  1868 | D:2      | Reached skill level 1 in Stealth
  2162 | D:2      | Reached skill level 3 in Dodging
  2533 | D:3      | Reached *** piety under Trog
  2731 | D:4      | Reached XP level 5. HP: 32/32 MP: 7/7
  3210 | D:4      | Noticed a soldier ant
  3227 | D:4      | Killed a soldier ant
  3227 | D:4      | Reached skill level 4 in Dodging
  3227 | D:4      | Reached XP level 6. HP: 37/37 MP: 8/8
  3284 | D:4      | Found Cuaprauti's Distillery.
  3406 | D:4      | Reached **** piety under Trog
  3517 | D:4      | Reached skill level 1 in Throwing
  3861 | D:4      | Found Toubb's Gadget Shop.
  4091 | D:4      | Reached XP level 7. HP: 42/42 MP: 9/9
  4093 | D:4      | Reached skill level 5 in Dodging
  4482 | D:4      | Found a radiant altar of Vehumet.
  4550 | D:5      | Entered Level 5 of the Dungeon
  4772 | D:5      | Noticed jazmu's ghost (novice OpFE)
  4777 | D:5      | Killed jazmu's ghost
  4777 | D:5      | Reached skill level 1 in Maces & Flails
  4777 | D:5      | Reached XP level 8. HP: 48/48 MP: 10/10
  4846 | D:5      | Reached skill level 6 in Dodging
  5157 | D:5      | Noticed Grinder
  5181 | D:5      | Found a burning altar of Makhleb.
  5185 | D:5      | Killed Grinder
  5191 | D:5      | Found a shadowy altar of Dithmenos.
  5195 | D:5      | Found a shimmering altar of Xom.
  5451 | D:5      | Found a deep blue altar of Sif Muna.
  5781 | D:6      | Found a staircase to the Ecumenical Temple.
  5803 | D:6      | Found a glowing drain.
  5819 | Sewer    | Entered a sewer
  5923 | Sewer    | Reached ***** piety under Trog
  5973 | Sewer    | Found a glowing silver altar of Zin.
  6050 | D:6      | Noticed Prince Ribbit
  6054 | D:6      | Killed Prince Ribbit
  6303 | D:6      | Reached skill level 5 in Armour
  6331 | D:6      | Reached XP level 9. HP: 37/53 MP: 11/11
  6378 | D:6      | Noticed Edmund
  6387 | D:6      | Killed Edmund
  6465 | D:6      | Reached skill level 5 in Fighting
  6637 | Temple   | Entered the Ecumenical Temple
  6954 | D:7      | Received a gift from Trog
  6954 | D:7      | Reached skill level 7 in Dodging
  6999 | D:7      | Gained mutation: Your mind is acute. (Int +2) [potion of mutation]
  6999 | D:7      | Gained mutation: You have a pair of small antennae on your head. [potion of mutation]
  6999 | D:7      | Gained mutation: You are agile. (Dex +2) [potion of mutation]
  7021 | D:7      | Found a basalt altar of Yredelemnul.
  7480 | D:8      | Found a stormy altar of Qazlal.
  7546 | D:8      | Noticed Erica
  7560 | D:8      | Received a gift from Trog
  7580 | D:8      | Noticed Gastronok
  7605 | D:8      | Killed Erica
  7622 | D:8      | Mangled by Gastronok

Skill      XL: |  1  2  3  4  5  6  7  8  9 |
---------------+----------------------------+-----
Fighting       | 3 4 5 |  5.7
Stealth        | 1 2 |  2.9
Dodging        | 3 4 5 6 7 |  7.5
Short Blades   | 4 |  4.9
Armour         | 2 3 4 5 |  5.5
Throwing       | 1 2 3 |  3.4
Maces & Flails | 1 3 4 |  4.7
Evocations     | |  0.4

Action                   |  1- 3 |  4- 6 |  7- 9 || total
-------------------------+-------+-------+-------++-------
Melee: Short sword       |   132 |   252 |       ||   384
       Flail             |       |     4 |   388 ||   392
Throw: Tomahawk          |       |    15 |    28 ||    43
Invok: Berserk           |     3 |     9 |     9 ||    21
       Burn Spellbooks   |       |     2 |     2 ||     4
       Brothers in Arms  |       |     1 |     5 ||     6
       Trog's Hand       |       |       |     1 ||     1
Evoke: Wand              |       |       |     5 ||     5
  Use: Potion            |       |       |    13 ||    13
       Scroll            |       |       |    13 ||    13
 Stab: Sleeping          |     1 |       |       ||     1
  Eat: Chunk             |     5 |    17 |    19 ||    41
       Royal jelly       |       |       |     1 ||     1
       Pizza             |       |       |     1 ||     1
Armor: Animal skin       |    12 |       |       ||    12
       Ring mail         |    11 |    17 |       ||    28
       Scale mail        |       |    76 |    11 ||    87
       Chain mail        |       |       |   278 ||   278
Dodge: Dodged            |    65 |   115 |   195 ||   375
